 Dungeon Crawl Stone Soup version 0.20.0-10-g0535bb4 (webtiles) character file.

1212 MTVSty1e the Basher (level 8, -9/49 HPs)
             Began as a Gargoyle Fighter on June 5, 2017.
             Splashed by Ijyb's acid (13 damage)
             ... on level 5 of the Dungeon.
             The game lasted 00:09:14 (3939 turns).

MTVSty1e the Basher (Gargoyle Fighter)              Turns: 3939, Time: 00:09:14

Health: -9/49      AC:  3    Str: 21    XL:     8   Next: 46%
Magic:  0/8        EV:  7    Int: 10    God:
Gold:   196        SH:  0    Dex:  9    Spells: 7/7 levels left

rFire    + . .     SeeInvis +   r - +3 mace (holy)
rCold    + . .     Gourm    .   c - +0 shield
rNeg     + . .     Faith    .   b - +0 scale mail
rPois    ∞         Spirit   +   (no helmet)
rElec    +         Reflect  .   d - scarf {rC+ rF+}
rCorr    .         Harm     .   (no gloves)
MR       .....                  (no boots)
Stlth    ..........             i - amulet of guardian spirit
Regen    0.2/turn               k - +3 ring of protection
MPRegen  0.2/turn               w - ring of see invisible

@: confused, corroded, flying
A: negative energy resistance 1, electricity resistance, unbreathing,
petrification resistance, rot immunity, AC +5
a: no special abilities


You were on level 5 of the Dungeon.
You were hungry.

You visited 1 branch of the dungeon, and saw 6 of its levels.
You also visited: Sewer.

You collected 196 gold pieces.

Inventory:

Hand Weapons
 a - a +0 flail
 r - a +3 mace of holy wrath (weapon)
Armour
 b - a +0 scale mail (worn)
 c - a +0 shield (worn)
 d - a scarf of resistance (worn)
Jewellery
 g - an uncursed amulet of faith
 i - an amulet of guardian spirit (around neck)
 k - a +3 ring of protection (left hand)
 w - a ring of see invisible (right hand)
Scrolls
 j - 2 scrolls of remove curse
 l - a scroll of fear
 u - 2 scrolls of teleportation
 y - a scroll of immolation {unknown}
Potions
 m - 3 potions of invisibility
 n - a potion of lignification
 o - 2 potions of curing
 s - a potion of flight
Books
 e - a book of Flames

   Spells                             Type                      Level
   a - Flame Tongue                   Conjuration/Fire             1
   b - Throw Flame                    Conjuration/Fire             2
   c - Conjure Flame                  Conjuration/Fire             3
   d - Inner Flame                    Hexes/Fire                   3
   e - Sticky Flame                   Conjuration/Fire             4
   f - Fireball                       Conjuration/Fire             5
 x - a book of Changes

   Spells                             Type                      Level
   a - Beastly Appendage              Transmutation                1
   b - Sticks to Snakes               Transmutation                2
   c - Spider Form                    Transmutation/Poison         3
   d - Ice Form                       Ice/Transmutation            4
   e - Blade Hands                    Transmutation                5
Comestibles
 f - 2 bread rations
 p - 2 fruits
 q - a royal jelly
 t - 2 meat rations


   Skills:
 - Level 5.2 Fighting
 * Level 9.4 Maces & Flails
 - Level 3.2 Armour
 - Level 3.2 Shields


You had 7 spell levels left.
You didn't know any spells.

Dungeon Overview and Level Annotations

Branches:
Dungeon (6/15)
 Temple: D:4-7

Altars:

Shops:
D:4 =

Annotations:
D:5 Ijyb


Innate Abilities, Weirdness & Mutations

You are resistant to torment.
Your stone body is resilient. (AC +5)
You are immune to poison.
You resist negative energy. (rN+)
You are resistant to electric shocks. (rElec)
You can survive without breathing.
You are immune to petrification.
You are immune to rotting.


Message History

* * * LOW HITPOINT WARNING * * *
It was a potion of flight.
You feel very buoyant.
You fly up into the air.
Ijyb hits you but does no damage.
It was a potion of heal wounds.
You feel much better. You block Ijyb's attack.
You hit Ijyb but do no damage.
Ijyb zaps a wand.
The bolt of acid hits you!
* * * LOW HITPOINT WARNING * * *
The acid corrodes you!
You are splashed with acid!
The acid burns!
* * * LOW HITPOINT WARNING * * *
You feel better. Ijyb hits you but does no damage.
You hit Ijyb.
Ijyb is lightly wounded.
Ijyb hits you with a club.
* * * LOW HITPOINT WARNING * * *
You feel better. Ijyb hits you but does no damage.
You are confused.
You feel invigorated.
Ijyb zaps a wand.
The bolt of acid hits you!
* * * LOW HITPOINT WARNING * * *
You are splashed with acid!
The acid burns!
You die...

#.# #.# #.# ###
#.# ..# #.# #.#
#.# #.# #.#
...#######.###.#
.........@.....#
#(########g#####
..g.....#
#########


You could see Ijyb.

Vanquished Creatures
  The ghost of salade2fruit the Chucker, a novice OgAM (D:5)
  Purgy (Sewer)
  An ogre (D:4)
  A centaur (D:5)
  A phantom (D:4)
  A gnoll sergeant (D:5)
  A scorpion (D:5)
  A howler monkey (D:4)
  A jelly (D:6)
  An orc priest (D:3)
  A hound (D:4)
  A bullfrog skeleton (D:5)
  A worker ant (D:4)
  9 gnolls
  A howler monkey skeleton (D:5)
  3 adders
  A river rat (D:3)
  An ooze (D:3)
  An adder zombie (D:5)
  4 worms
  5 dart slugs
  2 leopard geckos
  10 orcs
  3 ball pythons
  9 bats
  6 giant cockroaches
  7 hobgoblins
  2 jackals (Sewer)
  2 quokkas
  5 frilled lizards
  8 goblins
  9 kobolds
  14 rats
115 creatures vanquished.

Notes
Turn   | Place    | Note
-------+----------+-------------------------------------------
     0 | D:1      | MTVSty1e the Gargoyle Fighter began the quest for the Orb.
     0 | D:1      | Reached XP level 1. HP: 14/14 MP: 1/1
    71 | D:1      | Reached XP level 2. HP: 19/19 MP: 2/2
   292 | D:1      | Reached XP level 3. HP: 22/24 MP: 3/3
   412 | D:1      | Reached skill level 3 in Maces & Flails
   975 | D:2      | Reached XP level 4. HP: 25/29 MP: 4/4
  1267 | D:3      | Reached skill level 4 in Maces & Flails
  1583 | D:3      | Reached XP level 5. HP: 33/34 MP: 5/5
  1844 | D:3      | Found a glowing drain.
  1855 | Sewer    | Entered a sewer
  1962 | Sewer    | Noticed Purgy
  1970 | Sewer    | Killed Purgy
  1970 | Sewer    | Reached skill level 5 in Fighting
  1970 | Sewer    | Reached skill level 5 in Maces & Flails
  1970 | Sewer    | Reached XP level 6. HP: 37/40 MP: 4/6
  2587 | D:4      | Found Qier Exi's Jewellery Boutique.
  2754 | D:4      | Noticed a phantom
  2782 | D:4      | Killed a phantom
  2782 | D:4      | Reached skill level 6 in Maces & Flails
  2842 | D:4      | Reached XP level 7. HP: 30/44 MP: 4/7
  2923 | D:4      | Reached skill level 7 in Maces & Flails
  3168 | D:5      | Entered Level 5 of the Dungeon
  3364 | D:5      | Noticed salade2fruit's ghost (novice OgAM)
  3375 | D:5      | Killed salade2fruit's ghost
  3375 | D:5      | Reached skill level 8 in Maces & Flails
  3375 | D:5      | Reached XP level 8. HP: 41/49 MP: 5/8
  3454 | D:5      | Reached skill level 9 in Maces & Flails
  3926 | D:5      | Noticed Ijyb
  3935 | D:5      | HP: 2/49 [acid (9)]
  3939 | D:5      | Splashed by Ijyb's acid

Skill      XL: |  1  2  3  4  5  6  7  8 |
---------------+-------------------------+-----
Maces & Flails | 3 4 5 6 8 9 |  9.4
Fighting       | 4 5 |  5.2
Armour         | |  3.2
Shields        | |  3.2

Action                   |  1- 3 |  4- 6 |  7- 9 || total
-------------------------+-------+-------+-------++-------
Melee: Flail             |   140 |    96 |       ||   236
       Mace              |       |   112 |   117 ||   229
  Use: Scroll            |     2 |    11 |       ||    13
       Potion            |       |     1 |     5 ||     6
  Eat: Bread ration      |       |     1 |       ||     1
       Chunk             |       |     2 |     3 ||     5
       Fruit             |       |       |     1 ||     1
Armor: Scale mail        |   111 |   133 |    90 ||   334
Dodge: Dodged            |    60 |    73 |    51 ||   184
Block: Shield            |    95 |   123 |    73 ||   291
